 Dungeon Crawl Stone Soup version 0.17-a0-1882-g750edc8 (webtiles) character file.

44 ololoev the Chopper (level 3, 0/33 HPs)
             Began as a Hill Orc Berserker on Sept 22, 2015.
             Was a Believer of Trog.
             Slain by Robin
             ... wielding a cursed -3 mace
              (6 damage)
             ... on level 2 of the Dungeon.
             The game lasted 00:03:37 (214 turns).

ololoev the Chopper (Hill Orc Berserker)             Turns: 214, Time: 00:03:37

Health: 0/33       AC:  2    Str: 20    XL:     3   Next: 60%
Magic:  3/3        EV: 12    Int:  7    God:    Trog [**....]
Gold:   4          SH:  0    Dex: 10    Spells: 0 memorised, 2 levels left

rFire  . . .     SeeInvis .     a - +0 hand axe
rCold  . . .     Clarity  .     b - +0 animal skin
rNeg   . . .     SustAt   .     (no shield)
rPois  .         Gourm    .     (no helmet)
rElec  .         Spirit   .     (no cloak)
rCorr  .         Warding  .     (no gloves)
rMut   .         Stasis   .     (no boots)
MR     ++...                    (no amulet)
Stlth  +.........               (no ring)
                                (no ring)

@: exhausted, regenerating, slowed, very slow, very resistant to hostile
enchantments, very unstealthy
A: no striking features
a: Burn Spellbooks, Berserk, Trog's Hand, Renounce Religion

Inventory:

Hand weapons
 a - a +0 hand axe (weapon)
Armour
 b - a +0 animal skin (worn)
Scrolls
 d - a scroll of remove curse {unknown}
Potions
 e - 2 potions of curing {unknown}
Comestibles
 c - a bread ration
 f - 6 chunks of flesh


   Skills:
 + Level 4.2 Fighting
 * Level 4.9 Axes
 + Level 2.8 Armour
 - Level 1.5 Dodging


You had 2 spell levels left.
You didn't know any spells.


You were on level 2 of the Dungeon.
You worshipped Trog.
Trog was pleased with you.
You were not hungry.

You visited 1 branch of the dungeon, and saw 3 of its levels.

You collected 4 gold pieces.

..# ######
.#..##### #.[...
_#.....# .. #.....
#..(...##...##...>.
...>..#.........).
#.b...............
#...........#.....
#@g†..#...........
##>)...###........
#))†........#.....
##)!.#.####.#.....
#..!...# # ......##
.....<..... ###...
# #.g.###......
..... # ....
#.##.!####......
... ...
............

Notes
Turn   | Place    | Note
--------------------------------------------------------------
     0 | D:1      | ololoev the Hill Orc Berserker began the quest for the Orb.
     0 | D:1      | Reached XP level 1. HP: 19/19 MP: 1/1
    64 | D:3      | Reached XP level 2. HP: 16/27 MP: 2/2
    89 | D:2      | Found an iron altar of Okawaru.
   182 | D:2      | Reached XP level 3. HP: 26/33 MP: 3/3
   189 | D:2      | Acquired Trog's second power
   191 | D:2      | Noticed Robin
   214 | D:2      | Slain by Robin

Dungeon Overview and Level Annotations

Branches:
Dungeon (3/15)

Altars:
Okawaru

Annotations:
D:2 Robin


Message History

Robin laughs in a distinctly smug fashion.
Robin barely misses you.
The ball python moves out of view.
Robin misses you.
Unknown command.
You hit Robin but do no damage.
Robin is heavily wounded.
You hit the ball python.
The ball python is severely wounded.
You barely miss the bat. The bat completely misses you.
The ball python closely misses you. The ball python grabs you.
The ball python constricts you. Robin closely misses you. The bat hits you.
The ball python barely misses you. The ball python constricts you.
You hit the ball python.
You kill the ball python!
Trog accepts your kill.
You closely miss Robin.
Robin is heavily wounded.
You closely miss the bat.
Your skin stops crawling.
You feel less resistant to hostile enchantments.
The bat barely misses you. x2
The bat closely misses you. Robin closely misses you.
Unknown command.
You hit Robin.
Robin is heavily wounded.
You miss the bat. The bat barely misses you. The bat closely misses you.
Robin closely misses you. The bat hits you. Robin closely misses you.
Unknown command.
You hit Robin but do no damage.
Robin is heavily wounded.
The bat closely misses you. Robin closely misses you. The bat hits you.
Unknown command.
You barely miss Robin.
Robin is heavily wounded.
You miss the bat. The bat hits you. Robin misses you.
Use which ability?
Your skin crawls.
You feel resistant to hostile enchantments.
You feel slightly more hungry. The bat hits you but does no damage.
Robin closely misses you. Robin hits you with a mace.
You die...

You could see Robin and a bat.

Vanquished Creatures
  2 adders
  An orc (D:3)
  2 ball pythons
  11 goblins
  A hobgoblin (D:2)
  A kobold (D:2)
  3 bats
  3 rats
24 creatures vanquished.

Action                   || total
-------------------------++-------
Melee: Hand axe          ||    48
Invok: Berserk           ||     2
       Trog's Hand       ||     2

Vault maps used:
D:1:      dpeg_arrival_stonehenge_8_columns
D:2:      kennysheep_big_flooded_room, okawaru_metal_pillars_1_2, uniq_robin
D:3:      lemuel_round_altar, nemelex_deck
